 Dungeon Crawl Stone Soup version 0.30-a0-385-gfebfb9b408 (webtiles) character file.

Game seed: 2974019617037431259

21359 funkygono the Thaumaturge (level 12, -3/79 HPs)
             Began as a Demonspawn Fire Elementalist on Dec 2, 2022.
             Was an Elder of Vehumet.
             Slain by a bone dragon (9 damage)
             ... on level 2 of the Abyss.
             The game lasted 00:33:13 (13550 turns).

funkygono the Thaumaturge (DsFE)                   Turns: 13550, Time: 00:33:14

Health: -3/79      AC: 15    Str:  9    XL:     12   Next: 53%
Magic:  0/28       EV: 13    Int: 21    God:    Vehumet [****..]
Gold:   1801       SH:  0    Dex: 14    Spells: 24/35 levels left

rFire   + + .      SeeInvis .    I - +6 mace of Dissent {vorpal, rF+}
rCold   x . .      Faith    .    (no shield)
rNeg    . . .      Spirit   +    a - +0 robe
rPois   +          Reflect  .    r - +2 hat
rElec   .          Harm     .    K - +2 cloak
rCorr   .          Rampage  .    (no gloves)
Will    +....                    (no boots)
Stlth   ++........               (no amulet)
HPRegen 0.33/turn                w - +4 ring of protection
MPRegen 0.42/turn                M - ring "Zoymut" {Fire rPois Will+}

@: no status effects
A: slimy green scales 3, foul stench 1, magic shield, magic regeneration
a: Renounce Religion


You were on level 2 of the Abyss.
You worshipped Vehumet.
Vehumet was greatly pleased with you.
You visited 2 branches of the dungeon, and saw 14 of its levels.
You visited the Abyss 1 time.
You also visited: Bailey.

You collected 2005 gold pieces.
You spent 204 gold pieces at shops.

Inventory:

Hand Weapons
 e - a -1 demon whip of venom
 k - a +7 spectral club
 I - the +6 mace of Dissent (weapon) {vorpal, rF+}
   (You found it in a bailey)

   It inflicts extra damage upon your enemies.
   rF:        It protects you from fire.
Armour
 a - a +0 robe (worn)
 f - the +0 robe "Toczaych" {Will++}
   (You found it on level 12 of the Dungeon)

   Will:      It greatly increases your willpower.
 g - an orb of guile
 n - an orb of energy
 r - a +2 hat (worn)
 K - a +2 cloak (worn)
Magical Staves
 i - a staff of cold
Jewellery
 p - a +6 ring of dexterity
 w - a +4 ring of protection (left hand)
 y - a ring of ice
 A - a ring of fire
 D - a ring of fire
 H - a ring of flight
 M - the ring "Zoymut" (right hand) {Fire rPois Will+}
   (You found it on level 12 of the Dungeon)

   [ring of fire]

   It enhances your fire magic.
   rF:        It protects you from fire.
   rC:        It makes you vulnerable to cold.
   rPois:     It protects you from poison.
   Will:      It increases your willpower.
Wands
 j - a wand of flame (13)
 m - a wand of acid (11)
 q - a wand of roots (36)
 x - a wand of polymorph (4)
 Q - a wand of paralysis (14)
Scrolls
 h - 8 scrolls of teleportation
 B - 4 scrolls of butterflies
 E - 5 scrolls of magic mapping
 G - a scroll of enchant armour
 J - a scroll of brand weapon
 P - a scroll of amnesia
Potions
 b - 3 potions of magic
 c - a potion of might
 d - 4 potions of attraction
 o - 7 potions of curing
 s - 4 potions of cancellation
 t - a potion of ambrosia
 u - 3 potions of resistance
 v - 4 potions of haste
 z - 5 potions of brilliance
 C - a potion of flight
 F - a potion of berserk rage {unknown}
 L - a potion of invisibility
 S - 2 potions of mutation


   Skills:
 + Level 2.3 Fighting
 + Level 0.7 Maces & Flails
 + Level 4.5 Dodging
 - Level 1.7 Stealth
 + Level 12.2 Spellcasting
 + Level 9.5 Conjurations
 + Level 0.3 Translocations
 + Level 11.9 Fire Magic
 + Level 0.2 Air Magic


You had 24 spell levels left.
You knew the following spells:

 Your Spells              Type           Power      Damage    Failure   Level
a - Foxfire               Conj/Fire      100%       2x1d9     1%          1
b - Scorch                Fire           100%       2d10      1%          2
c - Kindle Blastsparks    Fire/Tloc/Air  90%        2d17      1%          3
d - Flame Wave            Conj/Fire      72%        2d16      1%          4
e - Magic Dart            Conj           100%       1d8       1%          1

Your spell library contained the following spells:

 Spells                   Type           Power      Damage    Failure   Level
 Dazzling Flash           Conj/Hex       64%        N/A       1%          3
 Shock                    Conj/Air       100%       1d9       1%          1
 Ignite Poison            Fire/Tmut/Pois 44%        N/A       1%          3
 Inner Flame              Hex/Fire       54%        N/A       1%          3
 Iskenderun's Mystic Bla  Conj/Tloc      33%        2d8       1%          4
 Fulminant Prism          Conj/Hex       16%        3d10      2%          4
 Apportation              Tloc           28%        N/A       4%          1
 Freezing Cloud           Conj/Ice/Air   13%        6-21      11%         5
 Airstrike                Air            6%         2d(1-17)  13%         4
 Swiftness                Air            13%        N/A       14%         3
 Lee's Rapid Deconstruct  Erth           6%         3d6*      34%         5
 Petrify                  Tmut/Erth      12%        N/A       45%         4
 Alistair's Intoxication  Tmut/Pois      8%         N/A       82%         5
 Metabolic Englaciation   Hex/Ice        6%         N/A       82%         5
 Statue Form              Tmut/Erth      8%         N/A       100%        6


Dungeon Overview and Level Annotations

Branches:
Dungeon (13/15)            Temple (1/1) D:7            Lair (0/5) D:9
    Orc (0/2) D:9          Bailey (visited)
 Vaults: D:13-14

Altars:
Ashenzari
Cheibriados
Dithmenos
Fedhas
Gozag
Hepliaklqana
Kikubaaqudgha
Makhleb
Nemelex Xobeh
Okawaru
Qazlal
Ru
Sif Muna
Trog
Uskayaw
Vehumet
Wu Jian
Xom
Yredelemnul

Shops:
D:8 =!*?

Annotations:
D:10 3 runed translucent doors, Torious's ghost, novice DECj
D:11 1 runed translucent door, Bod Hob's ghost, journeyman DjCj


Innate Abilities, Weirdness & Mutations

You are completely covered in slimy green scales. (AC +4, rPois)
You may rarely emit foul miasma when damaged in melee.
When hurt, damage is shared between your health and your magic reserves.
You regenerate magic rapidly.


Message History

The bone dragon is lightly damaged.
The bone dragon barely misses you. The bone dragon claws you.
The bone dragon tramples you but does no damage.
Unknown command.
Casting: Flame Wave (safe; 1% risk of failure)
Confirm with . or Enter, or press ? or * to list all spells.
You feel a surge of power!
Flames lash the bone dragon.
The bone dragon resists.
The bone dragon is lightly damaged.
The bone dragon's fire resistance burns away.
The bone dragon bites you but does no damage.
The bone dragon claws you. The bone dragon closely misses you.
Unknown command.
The bone dragon closely misses you.
The bone dragon claws you but does no damage.
The bone dragon misses you.
Casting: Scorch (safe; 1% risk of failure)
Confirm with . or Enter, or press ? or * to list all spells.
Casting: Flame Wave (safe; 1% risk of failure)
Press: ? - help, Dir - look around, f - activate You feel a surge of power!
A wave of flame ripples out!
The flame wave engulfs the bone dragon!!
The bone dragon is lightly damaged. (Press . to intensify the flame waves.)
The bone dragon bites you! The bone dragon claws you.
The bone dragon tramples you.
You hold your ground!
A wave of flame ripples out!
The flame wave engulfs the bone dragon!
The bone dragon is moderately damaged.
The bone dragon bites you. The bone dragon closely misses you.
The bone dragon tramples you!
* * * LOW HITPOINT WARNING * * *
You hold your ground!
A wave of flame ripples out!
The flame wave engulfs the bone dragon.
The bone dragon is moderately damaged.
The bone dragon is no longer more vulnerable to fire.
The bone dragon bites you!
* * * LOW HITPOINT WARNING * * *
The bone dragon claws you but does no damage.
The bone dragon tramples you!
You die...

#.# ## ..
.#. ..
.... ##.
...
..#####..#
#...#..#
#..#...#
#@D# ####


You could see a bone dragon.

Vanquished Creatures
  An orc warlord (Bailey)
  A stone giant (D:10)
  Josephine (D:10)
  2 two-headed ogres
  Amaemon (D:10)
  Lodul (D:10)
  2 wizards (D:13)
  Maurice (D:9)
  4 cyclopes (D:12)
  2 gargoyles
  An orange demon (D:10)
  A kobold demonologist (D:9)
  A tormentor (Abyss:2)
  A komodo dragon (D:11)
  An ancient zyme (Abyss:2)
  2 trolls
  Grinder (D:3)
  Prince Ribbit (D:5)
  Sigmund (D:2)
  2 shadows
  A wyvern (D:10)
  9 yaks
  6 wraiths
  A ynoxinul (Abyss:2)
  14 humans (D:13)
  A neqoxec (Abyss:2)
  2 steam dragons
  3 vampire mosquitoes (D:11)
  3 wargs (D:9)
  2 acid dragons (D:12)
  2 water moccasins (D:6)
  A swamp drake (D:9)
  9 orc warriors
  2 ice beasts
  A sky beast (D:7)
  2 black bears
  8 ogres
  7 centaurs
  A phantom (D:4)
  3 bullfrogs
  3 kobold brigands (D:9)
  A gnoll sergeant (D:10)
  2 scorpions
  3 wights (D:6)
  8 howler monkeys
  3 electric eels (D:6)
  13 orc priests
  A jelly (D:6)
  3 hounds
  5 iguanas
  Ijyb (D:3)
  8 orc wizards
  A mummy (D:6)
  14 gnolls
  5 adders
  A shadow imp (D:6)
  3 white imps
  2 ufetubi
  2 worms
  2 dart slugs
  45 orcs
  5 ball pythons
  4 endoplasms
  2 giant cockroaches
  5 goblins
  7 hobgoblins
  3 jackals (D:5)
  5 quokkas
  4 bats (D:3)
  3 frilled lizards
  20 kobolds
  5 rats
295 creatures vanquished.

Vanquished Creatures (collateral kills)
  3 foxfires (D:6)
3 creatures vanquished.

Vanquished Creatures (others)
  998 foxfires
  9 plants
1007 creatures vanquished.

Grand Total: 1305 creatures vanquished

Notes
Turn   | Place    | Note
-------+----------+-------------------------------------------
     0 | D:1      | funkygono the Demonspawn Fire Elementalist began the quest
                  | for the Orb.
     0 | D:1      | Reached XP level 1. HP: 13/13 MP: 3/3
   304 | D:1      | Gained mutation: You are partially covered in slimy green
                  | scales. (AC +2) [demonic ancestry]
   304 | D:1      | Reached XP level 2. HP: 18/19 MP: 1/5
   307 | D:1      | Learned a level 2 spell: Scorch
   605 | D:1      | Found a faded altar of an unknown god.
  1406 | D:2      | Noticed Sigmund
  1412 | D:2      | Killed Sigmund
  1413 | D:2      | Reached skill level 3 in Spellcasting
  1413 | D:2      | Reached XP level 3. HP: 24/24 MP: 0/7
  1413 | D:2      | Reached XP level 4. HP: 30/30 MP: 0/8
  1413 | D:2      | Gained mutation: You are mostly covered in slimy green
                  | scales. (AC +3) [demonic ancestry]
  1413 | D:2      | Reached XP level 5. HP: 35/35 MP: 0/9
  2269 | D:3      | Noticed Ijyb
  2281 | D:3      | Killed Ijyb
  2523 | D:3      | Noticed Grinder
  2552 | D:3      | Paralysed by Grinder for 2 turns
  2560 | D:3      | Killed Grinder
  2561 | D:3      | Reached skill level 4 in Spellcasting
  2561 | D:3      | Reached XP level 6. HP: 25/41 MP: 0/12
  2577 | D:3      | Reached skill level 5 in Fire Magic
  2981 | D:3      | Gained mutation: You regenerate magic rapidly. [demonic
                  | ancestry]
  2981 | D:3      | Reached XP level 7. HP: 46/46 MP: 9/13
  3104 | D:3      | Learned a level 3 spell: Kindle Blastsparks
  3109 | D:3      | Learned a level 4 spell: Flame Wave
  3495 | D:4      | Reached skill level 5 in Spellcasting
  3896 | D:4      | Found a sparkling altar of Nemelex Xobeh.
  3944 | D:5      | Entered Level 5 of the Dungeon
  4072 | D:5      | Noticed Prince Ribbit
  4076 | D:5      | Killed Prince Ribbit
  4077 | D:5      | Gained mutation: When hurt, damage is shared between your
                  | health and your magic reserves. [demonic ancestry]
  4077 | D:5      | Reached XP level 8. HP: 52/52 MP: 8/16
  4176 | D:5      | Found an ornate altar of the Wu Jian Council.
  4504 | D:5      | Reached skill level 6 in Spellcasting
  4985 | D:6      | Reached skill level 7 in Spellcasting
  5018 | D:6      | Found a shimmering blue altar of Sif Muna.
  5160 | D:6      | Gained mutation: You may rarely emit foul miasma when
                  | damaged in melee. [demonic ancestry]
  5160 | D:6      | Reached XP level 9. HP: 47/57 MP: 9/19
  5215 | D:6      | Reached skill level 5 in Conjurations
  5493 | D:6      | Reached skill level 1 in Fighting
  5572 | D:6      | Found a snail-covered altar of Cheibriados.
  5895 | D:7      | Found a flagged portal.
  5904 | Bailey   | Entered a bailey
  5954 | Bailey   | Noticed an orc warlord
  6230 | Bailey   | Found a runed translucent gate.
  6230 | Bailey   | Found a runed translucent gate.
  6231 | Bailey   | Found a runed translucent gate.
  6489 | Bailey   | Killed an orc warlord
  6490 | Bailey   | Reached skill level 8 in Spellcasting
  6672 | Bailey   | Identified the +6 mace of Dissent {vorpal, rF+}
  6887 | D:7      | Found a staircase to the Ecumenical Temple.
  6933 | Temple   | Entered the Ecumenical Temple
  6937 | Temple   | Became a worshipper of Vehumet
  7183 | D:7      | Reached XP level 10. HP: 66/66 MP: 18/22
  7261 | D:7      | Identified the +7 battleaxe of Ethereal Watchfulness
                  | {spect, rF- rC+ Will+ Str+3}
  7431 | D:7      | Acquired 653 gold pieces
  7532 | D:8      | Found Ymougax's General Store.
  7536 | D:8      | Bought a scroll of enchant armour for 90 gold pieces
  7536 | D:8      | Bought a scroll of identify for 24 gold pieces
  7554 | D:8      | Noticed a two-headed ogre
  7562 | D:8      | Killed a two-headed ogre
  7563 | D:8      | Reached skill level 9 in Spellcasting
  7693 | D:8      | Found Ahamihis's Jewellery Shoppe.
  7749 | D:8      | Found Fiohueme's Distillery.
  7824 | D:8      | Reached * piety under Vehumet
  7824 | D:8      | Offered knowledge of Kiss of Death by Vehumet.
  8430 | D:8      | Found Reamakli's Magic Scroll Emporium.
  8436 | D:8      | Bought a scroll of enchant weapon for 90 gold pieces
  8620 | D:9      | Found a staircase to the Lair.
  8790 | D:9      | Reached ** piety under Vehumet
  8790 | D:9      | Offered knowledge of Magic Dart by Vehumet.
  8899 | D:9      | Noticed a rust devil
  9024 | D:9      | Noticed Maurice
  9035 | D:9      | Killed Maurice
  9036 | D:9      | Reached skill level 10 in Fire Magic
  9342 | D:9      | Gained mutation: You are completely covered in slimy green
                  | scales. (AC +4, rPois) [demonic ancestry]
  9342 | D:9      | Reached XP level 11. HP: 71/72 MP: 16/24
  9425 | D:9      | Found a staircase to the Orcish Mines.
  9447 | D:9      | Reached skill level 10 in Spellcasting
  9450 | D:9      | Learned a level 1 spell: Magic Dart
  9778 | D:10     | Entered Level 10 of the Dungeon
  9801 | D:10     | Noticed Josephine
  9806 | D:10     | Killed Josephine
  9919 | D:10     | Found an iron altar of Okawaru.
  9921 | D:10     | Found a blossoming altar of Fedhas.
  9925 | D:10     | Found a burning altar of Makhleb.
  9936 | D:10     | Noticed Amaemon
  9964 | D:10     | Killed Amaemon
  9964 | D:10     | Offered knowledge of Hailstorm by Vehumet.
 10051 | D:10     | Noticed Lodul
 10169 | D:10     | Noticed Torious's ghost (novice DECj)
 10171 | D:10     | Found a runed translucent gate.
 10171 | D:10     | Found a runed translucent gate.
 10171 | D:10     | Found a runed translucent gate.
 10478 | D:10     | Noticed a stone giant
 10488 | D:10     | Killed a stone giant
 10721 | D:10     | Found a sacrificial altar of Ru.
 10895 | D:10     | Killed Lodul
 11345 | D:11     | Reached skill level 11 in Spellcasting
 11547 | D:11     | Found a hide-covered altar of Uskayaw.
 11563 | D:11     | Reached *** piety under Vehumet
 11642 | D:11     | Noticed a two-headed ogre
 11648 | D:11     | Killed a two-headed ogre
 12044 | D:11     | Found a runed translucent door.
 12046 | D:11     | Noticed Bod Hob's ghost (journeyman DjCj)
 12238 | D:12     | Identified the +0 robe "Toczaych" {Will++}
 12275 | D:12     | Reached XP level 12. HP: 78/78 MP: 23/27
 12360 | D:12     | Found an ancient bone altar of Kikubaaqudgha.
 12579 | D:12     | Offered knowledge of Frozen Ramparts by Vehumet.
 12903 | D:12     | Identified the ring "Zoymut" {Fire rPois Will+}
 13243 | D:13     | Reached skill level 12 in Spellcasting
 13244 | D:13     | Noticed a vault guard
 13247 | D:13     | Reached **** piety under Vehumet
 13248 | D:13     | Noticed a vault guard
 13252 | Abyss:2  | Cast into level 2 of the Abyss (a wizard)
 13326 | Abyss:2  | Noticed a starcursed mass
 13332 | Abyss:2  | Noticed a bone dragon
 13469 | Abyss:2  | Offered knowledge of Dazzling Flash by Vehumet.
 13540 | Abyss:2  | Noticed a bone dragon
 13550 | Abyss:2  | Slain by a bone dragon

Illustrated notes

Levels and vault maps discovered:
D:1:      wander_arrival_abandoned_jail, layout_basic,
          dreamdust_ecumenical_altar_angels_and_demons, minmay_tetromino_o4
D:2:      layout_basic, uniq_sigmund
D:3:      layout_rooms, uniq_grinder, uniq_ijyb
D:4:      layout_cave_pools, marbit_many_paths, minmay_quadrilaterals
D:5:      layout_loops_ring, lemuel_round_altar, uniq_prince_ribbit1
D:6:      layout_cave_pools, mainiacjoe_overflow_brackets, slow_altar_1,
          serial_bayou, serial_bayou_shore_a, serial_bayou_pond_b,
          serial_bayou_pond_d, serial_bayou_pond_d, serial_bayou_pond_a
D:7:      layout_cave_pools, minmay_temple_entry_statues_pillars,
          enter_bailey_2, reono_crystal_passage
D:8:      layout_loops_ring, serial_shops, nicolae_shop_hallway_stairs,
          shop_fountains, shop, shop, chequers_serial_rivers_micro_d,
          kennysheep_generic_room_8
D:9:      layout_long_grid, erik_lair_orcish_takeover, erik_orc_1,
          minmay_door_square, minmay_misc_feat_tower, uniq_maurice
D:10:     layout_basic, grunt_temple_overflow_open, kennysheep_mini_moat,
          gammafunk_ghost_spectres, kennysheep_just_a_vault, uniq_lodul,
          uniq_amaemon, uniq_josephine
D:11:     layout_gridville, gammafunk_ghost_grave,
          eat_drink_and_be_merry_uskayaw
D:12:     layout_gridville, kiku_gazebo_garden_becter
D:13:     layout_roguey, grunt_vaults_entry_tiered, uniq_azrael
Temple:   compressed_dpeg_circular_temple
Abyss:2:  base: D:13, serial_sigils_hangedman_shear

Skill      XL: |  1  2  3  4  5  6  7  8  9 10 11 12 |
---------------+-------------------------------------+-----
Dodging        | 2 3 4 |  4.5
Fire Magic     | 4 5 6 7 8 10 11 | 11.9
Spellcasting   | 3 4 5 7 8 9 11 12 | 12.2
Conjurations   | 2 3 4 5 7 8 9 |  9.5
Fighting       | 1 2 |  2.3
Maces & Flails | |  0.7
Stealth        | |  1.7
Translocations | |  0.3
Air Magic      | |  0.2

Action                   |  1- 3 |  4- 6 |  7- 9 | 10-12 || total
-------------------------+-------+-------+-------+-------++-------
Melee: Club              |       |     1 |     1 |       ||     2
       Mace              |       |       |       |    12 ||    12
 Cast: Foxfire           |    27 |    71 |   202 |   285 ||   585
       Scorch            |     3 |     5 |    52 |    86 ||   146
       Flame Wave        |       |       |     4 |    41 ||    45
       Kindle Blastspark |       |       |       |     3 ||     3
  Use: Scroll            |       |     7 |    10 |    14 ||    31
       Potion            |       |       |     2 |     3 ||     5
Armor: Robe              |       |     5 |    21 |    78 ||   104
Dodge: Dodged            |       |    14 |    43 |   115 ||   172

Table legend: (Time is in decaauts)
 A = Elapsed time spent in this place.
 B = Non-inter-level travel time spent in this place.
 C = Inter-level travel time spent in this place.
 D = Time resting spent in this place.
 E = Time spent auto-exploring this place.
 F = Levels seen in this place.
 G = Mean time per level.
                   A        B        C        D        E       F      G
               +--------+--------+--------+--------+--------+-----+--------+
         Total |  13597 |  13101 |    496 |    863 |  10040 |  16 |  849.8 |
       Dungeon |  12390 |  11929 |    461 |    523 |   9628 |  13 |  953.1 |
        Temple |    119 |     84 |     35 |      0 |     71 |   1 |  119.0 |
         Abyss |    297 |    297 |      0 |      0 |    205 |   1 |  297.0 |
        Bailey |    788 |    788 |      0 |    340 |    135 |   1 |  788.0 |
               +--------+--------+--------+--------+--------+-----+--------+

Top non-repeatable levels by time:
    D:10: 1518 daAuts
     D:2: 1391 daAuts
     D:9: 1302 daAuts
     D:5: 1091 daAuts
    D:12: 964 daAuts
     D:8: 956 daAuts
    D:11: 930 daAuts
     D:3: 923 daAuts
     D:6: 909 daAuts
     D:1: 873 daAuts
     D:4: 823 daAuts
  Bailey: 788 daAuts
     D:7: 640 daAuts
 Abyss:2: 297 daAuts
  Temple: 119 daAuts
